 Dungeon Crawl Stone Soup version 0.19.4-12-gccf7e64 (webtiles) character file.

1762 Rrauwl the Basher (level 9, -3/52 HPs)
             Began as a Gargoyle Conjurer on Feb 26, 2017.
             Was a Follower of Vehumet.
             Slain by an orc warrior
             ... wielding a +1 scimitar of protection
              (6 damage)
             ... on level 6 of the Dungeon.
             The game lasted 00:41:04 (5412 turns).

Rrauwl the Basher (Gargoyle Conjurer)               Turns: 5412, Time: 00:41:05

Health: -3/52      AC: 14    Str: 16    XL:     9   Next: 7%
Magic:  12/12      EV: 16    Int: 15    God:    Vehumet [*.....]
Gold:   353        SH:  0    Dex: 15    Spells: 2 memorised, 7 levels left

rFire  . . .     SeeInvis .     f - +2 flail (holy)
rCold  . . .     Gourm    +     v - +0 ring mail (curse)
rNeg   + . .     Faith    .     (no shield)
rPois  ∞         Spirit   .     w - +0 helmet
rElec  +         Reflect  .     e - +1 cloak
rCorr  +         Harm     .     (no gloves)
MR     +....                    (no boots)
Stlth  ++........               s - amulet of the gourmand
                                j - ring of resist corrosion
                                h - ring of protection from magic

@: agile
A: negative energy resistance 1, electricity resistance, unbreathing,
petrification resistance, rot immunity, AC +5
a: Renounce Religion


You were on level 6 of the Dungeon.
You worshipped Vehumet.
Vehumet was aware of your devotion.
You were completely stuffed.

You visited 2 branches of the dungeon, and saw 7 of its levels.

You collected 353 gold pieces.

Inventory:

Hand Weapons
 f - a +2 flail of holy wrath (weapon)
Missiles
 i - 7 steel tomahawks (quivered)
Armour
 e - a +1 cloak (worn)
 k - a +0 leather armour
 t - a cursed +0 robe
 v - a cursed +0 ring mail (worn)
 w - a +0 helmet (worn)
Jewellery
 h - a ring of protection from magic (left hand)
 j - a ring of resist corrosion (right hand)
 o - a +3 ring of intelligence
 s - an amulet of the gourmand (around neck)
Scrolls
 a - a scroll of fear
 m - a scroll of immolation
 q - 2 scrolls of identify
 r - a scroll of recharging
 x - a scroll of amnesia
Potions
 l - a potion of flight
 n - 2 potions of curing
Books
 b - a book of Conjurations

   Spells                             Type                      Level
   a - Magic Dart                     Conjuration                  1
   b - Searing Ray                    Conjuration                  2
   c - Dazzling Spray                 Conjuration/Hexes            3
   d - Fulminant Prism                Conjuration/Hexes            4
   e - Iskenderun's Mystic Blast      Conjuration                  4
   f - Iskenderun's Battlesphere      Conjuration/Charms           5
Comestibles
 c - 2 bread rations
 d - 3 meat rations
 g - 2 beef jerkies
 z - 11 chunks of flesh


   Skills:
 - Level 4.0 Fighting
 + Level 9.1 Maces & Flails
 - Level 3.0 Armour
 - Level 2.0 Dodging
 - Level 2.1 Stealth
 - Level 2.0 Spellcasting
 - Level 5.0 Conjurations
 + Level 4.0 Earth Magic


You had 7 spell levels left.
You knew the following spells:

 Your Spells              Type           Power        Failure   Level  Hunger
a - Sandblast             Erth           ##....       10%         1    #......
b - Iskenderun's Mystic   Conj           ###.....     54%         4    #####..


Dungeon Overview and Level Annotations

Branches:
Dungeon (6/15)             Temple (1/1) D:4

Altars:
Ashenzari
Dithmenos
Gozag
Uskayaw
Vehumet
Yredelemnul
Zin

Shops:
D:5 *


Innate Abilities, Weirdness & Mutations

You are resistant to torment.
Your stone body is resilient. (AC +5)
You are immune to poison.
You resist negative energy. (rN+)
You are resistant to electric shocks. (rElec)
You can survive without breathing.
You are immune to petrification.
You are immune to rotting.


Message History

You hit the orc warrior.
The orc warrior is almost dead.
The orc warrior misses you.
You hit the orc warrior but do no damage.
The orc warrior is almost dead.
The orc warrior hits you with a scimitar of protection.
* * * LOW HITPOINT WARNING * * *
You barely miss the orc warrior.
The orc warrior is almost dead.
The orc warrior hits you with a scimitar of protection.
* * * LOW HITPOINT WARNING * * *
You hit the orc warrior.
The orc warrior is almost dead.
You hit the orc warrior but do no damage.
The orc warrior is almost dead.
The orc warrior barely misses you.
You hit the orc warrior but do no damage.
The orc warrior is almost dead.
The orc warrior hits you with a scimitar of protection.
You die...

#.# ### #.# . . ..# #.#
#. .. #.# #.# #. ..) #.#
#.# #. ...
#####.######.# #. . ..
^.......[)[).# #.
....#o######..>####)###.
.....oo@)...............
###.####............###.
#####.######## #. #.# ##
..# ####


You could see an orc warrior, an orc priest and an orc.

Vanquished Creatures
  Menkaure (D:4)
  An orc warrior (D:6)
  2 phantoms
  A necrophage (D:5)
  A centaur (D:6)
  2 bullfrogs (D:4)
  A scorpion (D:4)
  A crimson imp (D:5)
  4 hounds
  A quasit (D:6)
  2 jellies
  3 orc priests
  A bullfrog skeleton (D:5)
  An iguana (D:4)
  Ijyb (D:2)
  6 orc wizards
  Natasha (thrice) (D:4)
  5 worker ants
  4 gnolls (D:2)
  13 adders
  3 oozes
  A worm (D:5)
  3 dart slugs
  6 leopard geckos
  17 orcs
  10 bats
  4 giant cockroaches
  4 goblins
  11 hobgoblins
  2 jackals (D:2)
  2 quokkas
  3 ball pythons
  2 frilled lizards
  A giant cockroach zombie (D:5)
  A jackal skeleton (D:4)
  4 kobolds
  10 rats
138 creatures vanquished.

Notes
Turn   | Place    | Note
-------+----------+-------------------------------------------
     0 | D:1      | Rrauwl the Gargoyle Conjurer began the quest for the Orb.
     0 | D:1      | Reached XP level 1. HP: 10/10 MP: 3/3
     6 | D:1      | Noticed a black bear
     6 | D:1      | Noticed a wyvern
     6 | D:1      | Noticed a black mamba
   172 | D:1      | Reached skill level 1 in Fighting
   172 | D:1      | Reached XP level 2. HP: 16/16 MP: 5/5
   675 | D:1      | Reached skill level 1 in Maces & Flails
   689 | D:1      | Reached XP level 3. HP: 15/20 MP: 0/6
  1294 | D:2      | Reached skill level 5 in Conjurations
  1294 | D:2      | Reached XP level 4. HP: 17/26 MP: 1/7
  1363 | D:2      | Reached skill level 2 in Maces & Flails
  1642 | D:2      | Noticed Ijyb
  1696 | D:2      | Killed Ijyb
  1696 | D:2      | Reached skill level 1 in Armour
  1696 | D:2      | Reached XP level 5. HP: 31/31 MP: 0/8
  1974 | D:2      | Found a shattered altar of Ashenzari.
  1974 | D:2      | Found a hide-covered altar of Uskayaw.
  1975 | D:2      | Found a glowing silver altar of Zin.
  2536 | D:3      | Found a shadowy altar of Dithmenos.
  2748 | D:4      | Noticed a phantom
  2858 | D:4      | Noticed Natasha
  2866 | D:4      | Killed Natasha
  2866 | D:4      | Reached XP level 6. HP: 37/37 MP: 9/9
  2897 | D:4      | Learned a level 4 spell: Iskenderun's Mystic Blast
  2935 | D:4      | Noticed Menkaure
  2940 | D:4      | Killed Menkaure
  2940 | D:4      | Reached skill level 3 in Maces & Flails
  3062 | D:4      | Reached skill level 4 in Maces & Flails
  3062 | D:4      | Reached XP level 7. HP: 40/43 MP: 10/10
  3140 | D:4      | Noticed Natasha
  3177 | D:4      | Killed Natasha
  3177 | D:4      | Reached skill level 5 in Maces & Flails
  3494 | D:4      | Noticed Natasha
  3582 | D:4      | Found a basalt altar of Yredelemnul.
  3607 | D:4      | Reached skill level 6 in Maces & Flails
  3676 | D:4      | Killed Natasha
  3846 | D:4      | Reached XP level 8. HP: 38/48 MP: 2/11
  3920 | D:4      | Found a staircase to the Ecumenical Temple.
  3929 | Temple   | Entered the Ecumenical Temple
  4046 | Temple   | Became a worshipper of Vehumet
  4247 | D:4      | Reached skill level 7 in Maces & Flails
  4299 | D:5      | Entered Level 5 of the Dungeon
  4761 | D:5      | Reached skill level 8 in Maces & Flails
  4860 | D:5      | Reached * piety under Vehumet
  4860 | D:5      | Offered knowledge of Sandblast by Vehumet.
  4863 | D:5      | Learned a level 1 spell: Sandblast
  4867 | D:5      | Found Gozag's Platinum Reserve.
  4868 | D:5      | Found an opulent altar of Gozag.
  4944 | D:5      | Reached skill level 1 in Earth Magic
  5339 | D:6      | Reached skill level 9 in Maces & Flails
  5339 | D:6      | Reached XP level 9. HP: 49/52 MP: 12/12
  5409 | D:6      | HP: 2/52 [orc warrior/scimitar of protection (5)]
  5412 | D:6      | Slain by an orc warrior

Skill      XL: |  1  2  3  4  5  6  7  8  9 |
---------------+----------------------------+-----
Fighting       | 1 2 3 4 |  4.0
Maces & Flails | 1 2 4 6 9 |  9.1
Conjurations   | 5 |  5.0
Armour         | 1 2 3 |  3.0
Dodging        | 2 |  2.0
Earth Magic    | 3 4 |  4.0
Stealth        | |  2.1
Spellcasting   | |  2.0

Action                   |  1- 3 |  4- 6 |  7- 9 || total
-------------------------+-------+-------+-------++-------
Melee: Unarmed           |    61 |       |       ||    61
       Club              |    79 |     4 |       ||    83
       Flail             |       |   186 |   300 ||   486
 Cast: Magic Dart        |    31 |    40 |     2 ||    73
       Iskenderun's Myst |       |     1 |     8 ||     9
  Use: Scroll            |     4 |     6 |     3 ||    13
       Potion            |     1 |     5 |     4 ||    10
 Stab: Sleeping          |     4 |     3 |     1 ||     8
       Invisible         |       |     5 |       ||     5
       Distracted        |       |       |     1 ||     1
  Eat: Chunk             |     1 |     7 |    21 ||    29
       Fruit             |     1 |       |     2 ||     3
Armor: Robe              |    63 |    12 |       ||    75
       Leather armour    |       |    65 |    74 ||   139
       Skin              |       |    18 |    14 ||    32
       Ring mail         |       |       |    60 ||    60
Dodge: Dodged            |   110 |   152 |   150 ||   412
